 Seeded DCSS version 0.27.1-2-g3b301248ec (webtiles) character file.

Game seed: 14551798346683263451 (custom seed)

111 babuloseo the Shooter (level 5, 0/60 HPs)
             Began as a Human Hunter on Sept 30, 2021.
             Succumbed to Crazy Yiuf's poison
             ... on level 2 of the Dungeon.
             The game lasted 00:02:48 (1995 turns).

babuloseo the Shooter (Human Hunter)                Turns: 1995, Time: 00:02:49

Health: 0/60       AC:  7    Str: 12    XL:     5   Next: 15%
Magic:  0/5        EV: 11    Int: 15    God:
Gold:   69         SH:  0    Dex: 14    Spells: 4/4 levels left

rFire    . . .     SeeInvis .   f - +2 dagger (venom)
rCold    . . .     Faith    .   (no shield)
rNeg     . . .     Spirit   .   i - +0 ring mail
rPois    .         Reflect  .   k - +1 helmet {Int+3}
rElec    .         Harm     .   (no cloak)
rCorr    .         Rampage  .   (no gloves)
Will     .....                  (no boots)
Stlth    ..........             (no amulet)
HPRegen  0.20/turn              (no ring)
MPRegen  0.09/turn              (no ring)

@: berserking (expiring), lethally poisoned (0 -> -5), very quick
A: no striking features
a: no special abilities


You were on level 2 of the Dungeon.
You visited 1 branch of the dungeon, and saw 3 of its levels.

You collected 69 gold pieces.

Inventory:

Hand Weapons
 a - a +1 shortbow
 b - a +0 short sword
 f - a +2 dagger of venom (weapon)
 m - the +8 shortbow of Bour {freeze, MP-9 Int+4}
   (You acquired it on level 2 of the Dungeon)

   Any ammunition fired from it freezes those it strikes, dealing additional
   cold damage.
   It can also slow down cold-blooded creatures.
   Int:       It affects your intelligence (+4).
   MP:        It affects your magic capacity (-9).
Missiles
 d - 68 arrows
 h - 8 javelins (quivered)
Armour
 c - a +0 leather armour
 i - a +0 ring mail (worn)
 k - a +1 helmet of intelligence (worn)
Wands
 j - a wand of flame (18)
Scrolls
 g - a scroll of magic mapping {unknown}
 l - 2 scrolls of identify {unknown}
 o - a scroll of enchant armour {unknown}
 p - a scroll of torment {unknown}
Potions
 e - a potion of ambrosia {unknown}
 n - a potion of brilliance {unknown}


   Skills:
 + Level 2.9 Fighting
 - Level 0.2 Short Blades
 * Level 5.2 Bows
 + Level 2.8 Dodging
 - Level 1.0 Stealth


You had 4 spell levels left.
You didn't know any spells.
Your spell library contained the following spells:

 Spells                   Type           Power      Damage    Failure   Level
 Magic Dart               Conj           0%         1d3       52%         1
 Call Imp                 Summ           0%         N/A       67%         2
 Searing Ray              Conj           0%         3d3       67%         2
 Mephitic Cloud           Conj/Pois/Air  0%         N/A       88%         3
 Fulminant Prism          Conj/Hex       0%         3d6       99%         4


Dungeon Overview and Level Annotations

Branches:
Dungeon (3/15)

Altars:
Qazlal


Message History

You are too berserk!
Unknown command.
You are too berserk!
Unknown command.
The +8 shortbow of Bour {freeze, MP-9 Int+4} stops glowing.
Your +2 dagger of venom begins to drip with poison!
f - a +2 dagger of venom (weapon)
You closely miss Crazy Yiuf.
Crazy Yiuf is lightly wounded.
Crazy Yiuf hits you with a +3 quarterstaff of chaos.
You are poisoned.
You hit Crazy Yiuf.
Crazy Yiuf is poisoned.
Crazy Yiuf is heavily wounded.
You feel very sick.
You puncture Crazy Yiuf!
Crazy Yiuf looks as sick as possible!
Crazy Yiuf is severely wounded.
You feel sick.
Crazy Yiuf cries, "Pitchfork leg sallow!"
Crazy Yiuf hits you but does no damage.
You are electrocuted!
* * * LOW HITPOINT WARNING * * *
You barely miss Crazy Yiuf.
Crazy Yiuf is severely wounded.
* * * LOW HITPOINT WARNING * * *
You feel sick. Crazy Yiuf misses you.
You closely miss Crazy Yiuf.
Crazy Yiuf is severely wounded.
* * * LOW HITPOINT WARNING * * *
You feel sick.
You kill Crazy Yiuf!
You have reached level 5!
There is a lethal amount of poison in your body!
* * * LOW HITPOINT WARNING * * *
You feel sick.
There is an open translucent door here.
Items here: ( ) [ †.
You feel a strong urge to attack something.
* * * LOW HITPOINT WARNING * * *
You feel sick.
You are too berserk!
You die...

#.##.##.##.......# #.#
#.##.##.##.#.#.### #.#
#.##.##.##.....# #.#
#.....########## #.# ####.##
#.##### #.## ##...... ########..#
##### ♣♣##...#### ........)##
#)..#♣♣ ♣♣.+..#..... .......#.#
#(..@.♣♣♣♣.......##.. ##.#.#.#)#
#...#♣..♣.♣......##.# #......).#
#####♣♣♣.♣..+.#.....# #....)>#.#
♣♣♣♣♣###...... #..).))#.##
#...... ..).......## #####
#.##### #)#......#.# #...#
#.#####
#.##)..###.#####...########..#...
#)##....#...................#(..#


There were no monsters in sight!

Vanquished Creatures
  Crazy Yiuf (D:2)
  Robin (D:2)
  An adder (D:2)
  An adder skeleton (D:2)
  A dart slug (D:1)
  4 bats
  2 endoplasms (D:1)
  A giant cockroach (D:1)
  15 goblins
  10 hobgoblins
  3 kobolds
  A quokka (D:2)
  4 ball pythons (D:2)
  2 frilled lizards (D:1)
  3 rats (D:2)
50 creatures vanquished.

Notes
Turn   | Place    | Note
-------+----------+-------------------------------------------
     0 | D:1      | babuloseo the Human Hunter began the quest for the Orb.
     0 | D:1      | Reached XP level 1. HP: 16/16 MP: 1/1
   153 | D:1      | Reached XP level 2. HP: 20/22 MP: 2/2
   582 | D:2      | Found a stormy altar of Qazlal.
   590 | D:2      | Reached XP level 3. HP: 9/28 MP: 3/3
   906 | D:2      | Noticed Robin
  1163 | D:2      | Killed Robin
  1164 | D:2      | Reached XP level 4. HP: 29/34 MP: 4/4
  1536 | D:2      | Identified a scroll of acquirement
  1536 | D:2      | Acquired the +8 shortbow of Bour {freeze, MP-9 Int+4}
  1611 | D:2      | Found a runed translucent door.
  1612 | D:2      | Noticed Crazy Yiuf
  1699 | D:2      | Reached skill level 5 in Bows
  1788 | D:2      | Found Gisot's Antique Weapon Boutique.
  1992 | D:2      | Killed Crazy Yiuf
  1993 | D:2      | Reached XP level 5. HP: 4/40 MP: 0/5
  1993 | D:2      | HP: 2/60 [poisoned by Crazy Yiuf]
  1995 | D:2      | Succumbed to Crazy Yiuf's poison

Illustrated notes

Levels and vault maps discovered:
D:1:      lemuel_arrival_river_bridge, layout_rooms
D:2:      layout_loops_cross, basic_altar, serial_shops, shop,
          minmay_goblin_kobold_house, uniq_crazy_yiuf_cottage, uniq_robin
D:3:      layout_basic, grunt_gozag_breadcrumbs,
          hellmonk_ecumenical_altar_heavens_door

Skill      XL: |  1  2  3  4 |
---------------+-------------+-----
Bows           | 5 |  5.2
Fighting       | |  2.9
Short Blades   | |  0.2
Dodging        | |  2.8
Stealth        | |  1.0

Action                   |  1- 3 |  4- 6 || total
-------------------------+-------+-------++-------
Melee: Short sword       |    14 |       ||    14
       Dagger            |    39 |    32 ||    71
 Fire: Shortbow          |    14 |    20 ||    34
  Use: Scroll            |       |     1 ||     1
 Stab: Sleeping          |     2 |       ||     2
Armor: Leather armour    |     7 |       ||     7
       Ring mail         |     8 |     8 ||    16
Dodge: Dodged            |    37 |    19 ||    56
